 Dungeon Crawl Stone Soup version 0.31-a0-981-geadf994542 (webtiles) character file.

Game seed: 17848481606572646585

37 mattiecakes the Ruffian (level 3, 0/40 HPs)
             Began as a Djinni Shapeshifter on Nov 2, 2023.
             Was a Follower of Cheibriados.
             Slain by a gnoll
             ... wielding a +0 spear
              (1 damage)
             ... on level 2 of the Dungeon.
             The game lasted 00:02:52 (1223 turns).

mattiecakes the Ruffian (Djinni Shapeshifter)       Turns: 1223, Time: 00:02:52

Health: 0/40       AC: 21    Str: 15 (18) XL:     3   Next: 60%
Gold:   35         EV:  2    Int: 11 (14) God:    Cheibriados [*.....] SH:  0 Dex: 14 (15)

rFire   . .          .
                       - Unarmed
rCold   . . .        (no shield)
rNeg    . . .        a - melded +0 animal skin
rPois   ∞            (helmet currently unavailable)
rElec   .            (cloak currently unavailable)
rCorr   .            (gloves currently unavailable)
SInv    .            (boots unavailable)
Will    .....        (no amulet)
Stlth   +            (no ring)
HPRegen 0.26/turn    (no ring)
MPRegen 0.00/turn

%: infuse magic (-1 HP)
@: tree-form, attractive, hasted, quick
A: stationary, stasis, torment immunity, boosted hp, sickness immunity, (fire
resistance 2), (cold vulnerability 1), float, innate caster, HP casting, extra
vitality 1
a: Renounce Religion, Bend Time


You were on level 2 of the Dungeon.
You worshipped Cheibriados.
Cheibriados was aware of your devotion.
You were a tree.
You visited 1 branch of the dungeon, and saw 2 of its levels.

You collected 35 gold pieces.

Inventory:

Armour
 a - a +0 animal skin (melded)
Talismans
 c - a beast talisman
 d - a flux talisman
Scrolls
 g - a scroll of amnesia {unknown}
 i - a scroll of teleportation {unknown}
Potions
 f - a potion of degeneration


   Skills:
 - Level 1.0 Fighting
 - Level 2.1 Dodging
 + Level 3.7 Unarmed Combat
 + Level 3.2 Shapeshifting


You knew the following spells:

 Your Spells              Type           Power      Damage    Failure   Level
a - Slow                  Hex            0%         N/A       34%         1
Your spell library was empty.

Dungeon Overview and Level Annotations

Branches:
Dungeon (2/15)

Altars:
Cheibriados

Shops:
D:2 [*


Innate Abilities, Weirdness & Mutations

You are a tree.
Your roots penetrate the ground, keeping you stationary.
You cannot be teleported.
You are immune to unholy pain and torment.
Your maximum health is greatly increased.
Your equipment is partially melded.
You are immune to sickness and miasma.
You are immune to poison.
((Your flesh is very heat resistant. (rF++)))
((You are vulnerable to cold. (rC-)))
You float through the air rather than walking.
You learn spells naturally, not from books.
Your magical power is your life essence.
You have superior vitality. (+4 MHP)


Message History

You turn into a tree.
Your +0 animal skin melds into your body.
Your roots penetrate the ground.
The gnoll hits you but does no damage. The gnoll hits you with a +0 halberd.
* * * LOW HITPOINT WARNING * * *
It was a potion of haste.
You feel yourself speed up.
Cheibriados forgives your accidental hurry, just this once.
The gnoll hits you but does no damage. The gnoll barely misses you.
Unknown command.
Unknown command.
It was a potion of degeneration.
There was something very wrong with that liquid.
You feel weakened.
You feel dopey.
You feel clumsy.
It was a potion of attraction.
You feel attractive to monsters. The gnoll barely misses you.
The gnoll hits you but does no damage.
You smack the gnoll!
The gnoll is severely wounded.
The gnoll hits you but does no damage. x2
You barely miss the gnoll.
The gnoll is severely wounded.
You barely miss the gnoll.
The gnoll is severely wounded.
The gnoll hits you but does no damage. The gnoll completely misses you.
You hit the gnoll but do no damage.
The gnoll is severely wounded.
The gnoll hits you but does no damage. The gnoll completely misses you.
You smack the gnoll!
You kill the gnoll!
Cheibriados appreciates the change of pace.
The gnoll is attracted toward you. x2
You barely miss the gnoll.
The gnoll hits you but does no damage. x2
You smack the gnoll!
The gnoll is severely wounded.
The gnoll hits you with a +0 spear.
* * * LOW HITPOINT WARNING * * *
You hit the gnoll.
The gnoll is almost dead.
The gnoll hits you from afar with a +0 spear.
You die...

#.......#######
#..#...<......#
#.#[#.#######.#
.######.##.##
........####
######..# #†.#
####..###########
#.....gg♣........
#.###g##########.
# #...#
###.###g#g#
.......⌠.g#
##.###.∩.#
#......⌠.⌠#
#....<#####
...)..


You could see 3 gnolls.

Vanquished Creatures
  A gnoll (D:2)
  A dart slug (D:1)
  An endoplasm (D:1)
  2 giant cockroaches
  3 goblins (D:1)
  3 hobgoblins (D:1)
  A ball python (D:1)
  6 bats
  3 frilled lizards
  2 kobolds (D:1)
  2 rats (D:1)
25 creatures vanquished.

Notes
Turn   | Place    | Note
-------+----------+-------------------------------------------
     0 | D:1      | mattiecakes the Djinni Shapeshifter began the quest for the
                  | Orb.
     0 | D:1      | Reached XP level 1. HP: 17/17 MP: 0/0
   303 | D:1      | Reached XP level 2. HP: 22/22 MP: 0/0
   885 | D:1      | Reached XP level 3. HP: 27/27 MP: 0/0
   885 | D:1      | Learned a level 1 spell: Slow
  1129 | D:1      | Found a faded altar of an unknown god.
  1136 | D:1      | Prayed at the altar of an unknown god.
  1136 | D:1      | Became a worshipper of Cheibriados the Contemplative
  1136 | D:1      | Reached * piety under Cheibriados
  1163 | D:2      | Found Winonyjo's Armour Emporium.
  1181 | D:2      | Found Lamoulo's General Store.
  1212 | D:2      | HP: 1/40 [gnoll/+0 halberd (3)]
  1222 | D:2      | HP: 1/40 [gnoll/+0 spear (2)]
  1223 | D:2      | Slain by a gnoll

Illustrated notes

Levels and vault maps discovered:
D:1:      erik_arrival_orb_chamber, layout_loops_corners,
          shapermc_ecumenical_altar_petra, serial_aquarium,
          aquarium_bridge_long_separate [aquarium_subvault_wall,
          aquarium_subvault_bridge, aquarium_subvault_bridge,
          aquarium_subvault_window, aquarium_subvault_bridge,
          aquarium_subvault_bridge], aquarium_bridge_square
          [aquarium_subvault_wall, aquarium_subvault_wall,
          aquarium_subvault_window, aquarium_subvault_bridge],
          aquarium_window_1, aquarium_window_1, aquarium_view_2c,
          aquarium_view_2c
D:2:      cheibrodos_old_hovel, layout_loops_ring, serial_shops, shop_fountains,
          shop, nicolae_shop_tiny_waterfront, nicolae_shop_behind_doors, shop,
          basic_altar, minmay_misc_feat_square, minmay_pentomino_u2

Skill      XL: |  1  2 |
---------------+-------+-----
Shapeshifting  | 3 |  3.2
Fighting       | |  1.0
Dodging        | |  2.1
Unarmed Combat | |  3.7

Action                     || total
---------------------------++-------
  Melee: Unarmed           ||    95
         Punch             ||     3
    Use: Potion            ||     4
 Armour: Animal skin       ||    44
         Skin              ||    12
  Dodge: Dodged            ||    72

Table legend: (Time is in decaauts)
 A = Elapsed time spent in this place.
 B = Non-inter-level travel time spent in this place.
 C = Inter-level travel time spent in this place.
 D = Time resting spent in this place.
 E = Time spent auto-exploring this place.
 F = Levels seen in this place.
 G = Mean time per level.
                   A        B        C        D        E       F      G
               +--------+--------+--------+--------+--------+-----+--------+
         Total |   1236 |   1206 |     30 |      0 |    992 |   2 |  618.0 |
       Dungeon |   1236 |   1206 |     30 |      0 |    992 |   2 |  618.0 |
               +--------+--------+--------+--------+--------+-----+--------+

Top non-repeatable levels by time:
     D:1: 1162 daAuts
     D:2: 73 daAuts
